 Dungeon Sprint DCSS version bcrawl-1.20 (webtiles) character file.

Game seed: 7011941182667523596

38 Freyura the Gusty (level 3, 0/21 HPs)
             Began as a Fairy Air Elementalist on Jan 19, 2020.
             Slain by an ice beast (10 damage)
             ... in the Dungeon (Sprint IX: "|||||||||||||||||||||||||||||").
             The game lasted 00:01:07 (25 turns).

Freyura the Gusty (Fairy Air Elementalist)            Turns: 25, Time: 00:01:08

Health: 0/21       AC:  4    Str:  6    XL:     3   Next: 43%
Magic:  8/10       EV: 17    Int: 19    God:
Gold:   0          SH:  4    Dex: 12    Spells: 9/10 levels left

rFire    . . .     SeeInvis .   (weapon restricted)
rCold    . . .     Gourm    .   (shield restricted)
rNeg     . . .     Faith    .   (armour unavailable)
rPois    .         Spirit   .   (no helmet)
rElec    .         Reflect  .   (no cloak)
rCorr    .         Harm     .   (no gloves)
MR       .....     NoTele   +   (no boots)
Stlth    +.........             (no amulet)
HPRegen  0.07/turn              (no ring)
MPRegen  0.12/turn              (no ring)

@: flying evasively
A: small, magic attunement, unstealthy, unfitting armour, able to fly, AC/SH +4
a: Stop Flying


You were in the Dungeon.
You were not hungry.

You visited 1 branch

Inventory:

Scrolls
 i - a scroll of blinking
Potions
 b - a potion of flight
 c - a potion of heal wounds
 d - a potion of curing
 f - a potion of haste
 g - 2 potions of magic
 h - a potion of berserk rage
Comestibles
 e - a ration {!d}


   Skills:
 + Level 3.4 Dodging
 - Level 1.5 Stealth
 * Level 4.4 Spellcasting
 * Level 2.9 Conjurations
 * Level 7.0 Air Magic


You had 9 spell levels left.
You knew the following spells:

 Your Spells              Type           Power        Failure   Level  Hunger
a - Shock                 Conj/Air       ###..        1%          1    None

Your spell library contained the following spells:

 Spells                   Type           Power        Failure   Level  Hunger
 Static Discharge         Air            ####....     2%          3    None
 Swiftness                Chrm/Air       ###.....     4%          2    None
 Airstrike                Air            ####......   8%          4    None
 Lightning Bolt           Conj/Air       ###.......   43%         5    None


Dungeon Overview and Level Annotations

Branches:
Dungeon (1/1)

Altars:


Innate Abilities, Weirdness & Mutations

Your spells do not cause hunger and MP costs are reduced by 1.
Your bright wings attract enemies. (Stealth-)
You cannot fit into any form of body armour.
Your shimmering scales are hard and can block incoming attacks. (AC +4, SH +4)
You are small and have problems with some larger weapons.
You can fly continuously.


Message History

Aim: a worker ant (almost dead)
The zap hits the worker ant.
You kill the worker ant!
Your Spellcasting skill increases to level 4!
Your Air Magic skill gained 2 levels and is now at level 7!
You have reached level 3!
Your experience leads to an increase in your attributes!
Increase (S)trength, (I)ntelligence, or (D)exterity?
You feel clever.
Your scales feel stronger.
The zap hits the ice beast.
The ice beast is almost dead.
The ice beast hits you but does no damage.
Casting: Shock (safe; 1% risk of failure)
Confirm with . or Enter, or press ? or * to list all spells.
Aiming: Shock (safe; 1% risk of failure)
Press: ? - help, Shift-Dir - straight line, f - ice beast
Aim: an ice beast (almost dead)
The zap misses the ice beast.
The ice beast hits you. The ice beast freezes you!
You die...

▓.▓
▓.▓
▓.▓
▓†▓
▓)▓
▓.▓
▓†▓
▓.▓
▓@▓
▓Y▓
▓.▓
▓.▓
▓.▓
▓)▓
▓.▓
▓+▓


You could see an ice beast.

Vanquished Creatures
  A worker ant (D)
  A shadow imp (D)
  An orc (D)
  A goblin (D)
  A hobgoblin (D)
  A bat (D)
  A giant cockroach zombie (D)
  2 rats (D)
9 creatures vanquished.

Notes
Turn   | Place    | Note
-------+----------+-------------------------------------------
     0 | D        | Freyura the Fairy Air Elementalist began the quest for the
                  | Orb.
     0 | D        | Reached XP level 1. HP: 11/11 MP: 6/6
     4 | D        | Reached skill level 4 in Air Magic
    14 | D        | Noticed a worker ant
    14 | D        | Noticed an ice beast
    18 | D        | Reached skill level 5 in Air Magic
    18 | D        | Reached XP level 2. HP: 17/17 MP: 8/8
    24 | D        | Reached skill level 7 in Air Magic
    24 | D        | Reached XP level 3. HP: 11/21 MP: 8/10
    25 | D        | Slain by an ice beast

Skill      XL: |  1  2 |
---------------+-------+-----
Air Magic      | 5 7 |  7.0
Spellcasting   | 3 4 |  4.4
Dodging        | 3 |  3.4
Conjurations   | 2 |  2.9
Stealth        | |  1.5

Action                   || total
-------------------------++-------
 Cast: Shock             ||    15
Armor: Skin              ||     1
Dodge: Dodged            ||     8
